 Dungeon Crawl Stone Soup version 0.27-a0-124-g19cb506db8 (webtiles) character file.

Game seed: 15376085770415592983

9 knot the Chopper (level 2, 17/24 HPs)
             Began as a Demonspawn Berserker on Jan 26, 2021.
             Was a Follower of Trog.
             Quit the game on level 1 of the Dungeon.
             The game lasted 00:00:28 (601 turns).

knot the Chopper (Demonspawn Berserker)              Turns: 601, Time: 00:00:29

Health: 17/24      AC:  4    Str: 17    XL:     2   Next: 3%
Magic:  2/2        EV: 12    Int:  8    God:    Trog [*.....]
Gold:   21         SH:  0    Dex: 12    Spells: 1/1 levels left

rFire    . . .     SeeInvis .   a - +0 hand axe
rCold    . . .     Faith    .   (no shield)
rNeg     . . .     Spirit   .   b - +0 animal skin
rPois    .         Reflect  .   (no helmet)
rElec    .         Harm     .   (no cloak)
rCorr    .         Rampage  .   (no gloves)
Will     .....                  (no boots)
Stlth    +.........             (no amulet)
HPRegen  0.08/turn              (no ring)
MPRegen  0.08/turn              (no ring)

@: no status effects
A: thin metallic scales 1
a: Renounce Religion, Berserk


You were on level 1 of the Dungeon.
You worshipped Trog.
Trog was aware of your devotion.
You visited 1 branch of the dungeon, and saw 1 of its levels.

You collected 21 gold pieces.

Inventory:

Hand Weapons
 a - a +0 hand axe (weapon)
Armour
 b - a +0 animal skin (worn)
Scrolls
 c - a scroll of identify {unknown}
Potions
 d - a potion of might {unknown}


   Skills:
 - Level 3.0 Fighting
 + Level 3.2 Axes
 - Level 1.7 Armour
 - Level 1.7 Dodging


You had one spell level left.
You didn't know any spells.
Your spell library was empty.

Dungeon Overview and Level Annotations

Branches:
Dungeon (1/15)

Altars:


Innate Abilities, Weirdness & Mutations

You are partially covered in thin metallic scales. (AC +2)


Message History

You kill the rat!
Trog accepts your kill.
You hit the dart slug.
The dart slug is lightly wounded.
The dart slug barely misses you.
You hit the dart slug.
The dart slug is heavily wounded.
The dart slug misses you.
You hit the dart slug.
The dart slug is severely wounded.
You hit the dart slug but do no damage.
The dart slug is severely wounded.
The dart slug bites you.
You hit the dart slug.
You kill the dart slug!
Trog accepts your kill.
You have reached level 2!
Your demonic ancestry asserts itself...
Thin metallic scales grow over part of your body.
Are you sure you want to abandon this character and quit the game? (Confirm with "yes".)

#......#
#......#
#......#
#......#
#......#####
#..........P
#.$....####
#......####.
#...@.......
#...†?......
###.........
#...(####.
......
#.....##
#.....#
#.....#


There were no monsters in sight!

Vanquished Creatures
  A dart slug (D:1)
  A bat (D:1)
  A hobgoblin (D:1)
  A kobold (D:1)
  A goblin (D:1)
  2 rats (D:1)
7 creatures vanquished.

Notes
Turn   | Place    | Note
-------+----------+-------------------------------------------
     0 | D:1      | knot the Demonspawn Berserker began the quest for the Orb.
     0 | D:1      | Reached XP level 1. HP: 18/18 MP: 1/1
   601 | D:1      | Gained mutation: You are partially covered in thin metallic
                  | scales. (AC +2) [demonic ancestry]
   601 | D:1      | Reached XP level 2. HP: 17/24 MP: 2/2
   601 | D:1      | Quit the game

Illustrated notes

Levels and vault maps discovered:
D:1:      minmay_arrival_up_and_down, layout_basic, serial_forest,
          infiniplex_forest_clump_curved, infiniplex_forest_lined_3_way,
          infiniplex_forest_straight_5, infiniplex_forest_clump_tiny,
          infiniplex_forest_clump_diagonal, infiniplex_forest_lined_room_2,
          infiniplex_forest_straight_5, infiniplex_forest_clump_large,
          infiniplex_forest_straight_2

Skill      XL: |  1 |
---------------+----+-----
Axes           | 3 |  3.2
Fighting       | |  3.0
Armour         | |  1.7
Dodging        | |  1.7

Action                   || total
-------------------------++-------
Melee: Hand axe          ||    25
 Stab: Sleeping          ||     2
Dodge: Dodged            ||    13

Table legend: (Time is in decaauts)
 A = Elapsed time spent in this place.
 B = Non-inter-level travel time spent in this place.
 C = Inter-level travel time spent in this place.
 D = Time resting spent in this place.
 E = Time spent auto-exploring this place.
 F = Levels seen in this place.
 G = Mean time per level.
                   A        B        C        D        E       F      G
               +--------+--------+--------+--------+--------+-----+--------+
         Total |    604 |    604 |      0 |    137 |    414 |   1 |  604.0 |
       Dungeon |    604 |    604 |      0 |    137 |    414 |   1 |  604.0 |
               +--------+--------+--------+--------+--------+-----+--------+

Top non-repeatable levels by time:
     D:1: 604 daAuts
